 Dungeon Crawl Stone Soup version 0.30-a0-723-gc1506a1cf0 (webtiles) character file.

Game seed: 1327632178847683251

256 hbarley the Chiller (level 6, -1/66 HPs)
             Began as a Gnoll Wanderer on Jan 29, 2023.
             Slain by a gnoll
             ... wielding a +0 flail
              (5 damage)
             ... on level 3 of the Dungeon.
             The game lasted 00:19:50 (2000 turns).

hbarley the Chiller (Gnoll Wanderer)                Turns: 2000, Time: 00:19:50

Health: -1/66      AC: 30    Str: 19    XL:     6   Next: 16%
Magic:  20/20      EV:  2    Int: 12    God:
Gold:   156        SH:  7    Dex:  9    Spells: 10/11 levels left

rFire   . . .      SeeInvis .    o - +2 dagger (protect)
rCold   + . .      Faith    .    q - +0 kite shield
rNeg    . . .      Spirit   .    (body armour currently unavailable)
rPois   +          Reflect  .    (helmet currently unavailable)
rElec   .          Harm     .    (cloak currently unavailable)
rCorr   .          Rampage  .    (gloves currently unavailable)
Will    .....      NoTele   +    (boots currently unavailable)
Stlth   ++                       (no amulet)
HPRegen 0.31/turn                h - ring of magical power
MPRegen 0.17/turn                n - ring of protection from cold

@: tree-form (expiring), under a protective aura
A: stationary, stasis, torment immunity, boosted hp, (fangs 1), strong nose,
distributed training, strong 2, evolution 1, inability to drink after injury 1
a: no special abilities


You were on level 3 of the Dungeon.
You were a tree.
You visited 1 branch of the dungeon, and saw 3 of its levels.

You collected 156 gold pieces.

Inventory:

Hand Weapons
 a - a +0 short sword
 o - a +2 dagger of protection (weapon)
Armour
 b - a +0 cloak (melded)
 d - a +0 robe
 i - a +2 hat (melded)
 l - a +0 pair of boots (melded)
 m - a +1 pair of gloves (melded)
 q - a +0 kite shield (worn)
 s - the +2 leather armour of Junwif (melded) {rC++ Int+5}
   (You found it on level 2 of the Dungeon)

   Int:       It affects your intelligence (+5).
   rC:        It greatly protects you from cold.
Magical Staves
 t - a staff of cold
Jewellery
 h - a ring of magical power (left branch)
 n - a ring of protection from cold (right branch)
 u - a ring of flight
Scrolls
 f - 4 scrolls of identify {unknown}
 g - 2 scrolls of fear {unknown}
 j - a scroll of enchant weapon {unknown}
 k - 2 scrolls of teleportation {unknown}
 r - a scroll of enchant armour {unknown}
 v - a scroll of fog {unknown}
Potions
 c - a potion of attraction
 e - a potion of curing
 w - a potion of mutation


   Skills:
 + Level 1.9 Fighting
 + Level 3.2 Short Blades
 + Level 1.9 Long Blades
 + Level 1.9 Axes
 + Level 1.9 Maces & Flails
 + Level 1.9 Polearms
 + Level 1.9 Staves
 + Level 1.9 Ranged Weapons
 + Level 1.9 Throwing
 + Level 1.9 Armour
 + Level 5.0 Dodging
 + Level 4.6 Stealth
 + Level 1.9 Shields
 + Level 1.9 Unarmed Combat
 + Level 3.4 Spellcasting
 + Level 1.5 Conjurations
 + Level 1.5 Hexes
 + Level 1.5 Summonings
 + Level 1.5 Necromancy
 + Level 1.5 Translocations
 + Level 1.5 Transmutations
 + Level 1.5 Fire Magic
 + Level 5.6 Ice Magic
 + Level 1.5 Air Magic
 + Level 1.5 Earth Magic
 + Level 1.5 Poison Magic
 + Level 2.1 Invocations
 + Level 3.2 Evocations


You had 10 spell levels left.
You knew the following spells:

 Your Spells              Type           Power      Damage    Failure   Level
a - Freeze                Ice            60%        1d7       8%          1

Your spell library contained the following spells:

 Spells                   Type           Power      Damage    Failure   Level
 Frozen Ramparts          Ice            30%        1d5       22%         3
 Beastly Appendage        Tmut           10%        N/A       38%         1
 Necrotise                Necr           20%        1d5       38%         1
 Hailstorm                Conj/Ice       10%        3d5       47%         3
 Wereblood                Tmut           5%         N/A       54%         2
 Spider Form              Tmut/Pois      5%         N/A       77%         3
 Stone Arrow              Conj/Erth      10%        3d7       77%         3
 Vampiric Draining        Necr           5%         2d6       77%         3
 Animate Armour           Summ/Erth      10%        N/A       99%         4
 Agony                    Necr           5%         N/A       100%        5
 Lehudib's Crystal Spear  Conj/Erth      2%         10d2      100%        8


Dungeon Overview and Level Annotations

Branches:
Dungeon (3/15)

Altars:
Ashenzari

Shops:
D:2 [


Innate Abilities, Weirdness & Mutations

You are a tree.
Your roots penetrate the ground, keeping you stationary.
You cannot be teleported.
You are immune to unholy pain and torment.
Your maximum health is greatly increased.
Your equipment is partially melded.
((You have very sharp teeth.))
Your uncanny sense of smell can sniff out nearby items.
Your experience applies equally to all skills.
Your muscles are very strong. (Str +8, Int/Dex -2)
You have hidden genetic potential.
You occasionally lose the ability to drink potions when taking damage.


Message History

You closely miss the gnoll.
The gnoll is moderately wounded.
The gnoll hits you but does no damage. You block the gnoll's attack.
You barely miss the gnoll.
The gnoll is moderately wounded.
The gnoll hits you from afar with a +0 halberd!
* * * LOW HITPOINT WARNING * * *
The gnoll hits you with a +0 flail.
* * * LOW HITPOINT WARNING * * *
You barely miss the gnoll.
The gnoll is moderately wounded.
Your transformation is almost over.
The gnoll hits you but does no damage. You block the gnoll's attack.
You hit the gnoll.
Your weapon exudes an aura of protection.
The gnoll is heavily wounded.
The gnoll hits you but does no damage. You block the gnoll's attack.
You barely miss the gnoll.
The gnoll is heavily wounded.
The gnoll hits you from afar with a +0 halberd.
* * * LOW HITPOINT WARNING * * *
You block the gnoll's attack.
You hit the gnoll.
The gnoll is severely wounded.
You block the gnoll's attack. x2
You closely miss the gnoll.
The gnoll is severely wounded.
The gnoll hits you from afar with a +0 halberd.
* * * LOW HITPOINT WARNING * * *
The gnoll hits you but does no damage.
You closely miss the gnoll.
The gnoll is severely wounded.
The gnoll hits you but does no damage. x2
You barely miss the gnoll.
The gnoll is severely wounded.
You block the gnoll's attack. x2
You hit the gnoll.
The gnoll is severely wounded.
The gnoll hits you but does no damage. The gnoll hits you with a +0 flail.
You die...

..# #.# #.#
#######.##########
#................. .
#.#####.#########. ..
#####.......#########.
...
+.....................
....
#####♣###############.
[....#####g#### ##
.....g...g....#
<.............# ∆
..............#
..............#
..............#
.###..........#
#..........# .


You could see 2 gnolls.

Vanquished Creatures
  Sigmund (D:2)
  Natasha (D:3)
  2 gnolls (D:3)
  An adder (D:2)
  A worm (D:3)
  A dart slug (D:3)
  2 endoplasms
  3 giant cockroaches
  4 hobgoblins
  6 kobolds
  3 quokkas (D:1)
  2 ball pythons (D:1)
  4 bats (D:1)
  A frilled lizard (D:2)
  6 goblins
  3 rats
41 creatures vanquished.

Vanquished Creatures (others)
  24 plants (D:2)
24 creatures vanquished.

Grand Total: 65 creatures vanquished

Notes
Turn   | Place    | Note
-------+----------+-------------------------------------------
     0 | D:1      | hbarley the Gnoll Wanderer began the quest for the Orb.
     0 | D:1      | hbarley set off with the following items: a +0 short sword,
                  | a +0 cloak, a potion of attraction, a +0 robe; and the
                  | following spell memorised: Freeze; and the following spells
                  | available to memorise: Frozen Ramparts, Hailstorm.
     0 | D:1      | Reached XP level 1. HP: 13/13 MP: 4/4
   380 | D:1      | Reached XP level 2. HP: 18/19 MP: 5/5
   717 | D:1      | Reached XP level 3. HP: 25/25 MP: 7/7
  1002 | D:2      | Noticed Sigmund
  1042 | D:2      | Reached skill level 1 in Invocations
  1328 | D:2      | Gained mutation: You occasionally lose the ability to drink
                  | potions when taking damage. [potion of mutation]
  1328 | D:2      | Gained mutation: Your muscles are strong. (Str +4, Int/Dex
                  | -1) [potion of mutation]
  1328 | D:2      | Gained mutation: You have hidden genetic potential. [potion
                  | of mutation]
  1353 | D:2      | Killed Sigmund
  1354 | D:2      | Reached skill level 1 in Fighting
  1354 | D:2      | Reached skill level 1 in Long Blades
  1354 | D:2      | Reached skill level 1 in Axes
  1354 | D:2      | Reached skill level 1 in Maces & Flails
  1354 | D:2      | Reached skill level 1 in Polearms
  1354 | D:2      | Reached skill level 1 in Staves
  1354 | D:2      | Reached skill level 1 in Ranged Weapons
  1354 | D:2      | Reached skill level 1 in Throwing
  1354 | D:2      | Reached skill level 1 in Armour
  1354 | D:2      | Reached skill level 1 in Shields
  1354 | D:2      | Reached skill level 1 in Unarmed Combat
  1354 | D:2      | Reached skill level 1 in Conjurations
  1354 | D:2      | Reached skill level 1 in Hexes
  1354 | D:2      | Reached skill level 1 in Summonings
  1354 | D:2      | Reached skill level 1 in Necromancy
  1354 | D:2      | Reached skill level 1 in Translocations
  1354 | D:2      | Reached skill level 1 in Transmutations
  1354 | D:2      | Reached skill level 1 in Fire Magic
  1354 | D:2      | Reached skill level 1 in Air Magic
  1354 | D:2      | Reached skill level 1 in Earth Magic
  1354 | D:2      | Reached skill level 1 in Poison Magic
  1354 | D:2      | Reached XP level 4. HP: 26/33 MP: 8/8
  1354 | D:2      | Reached XP level 5. HP: 30/38 MP: 9/9
  1366 | D:2      | Gained mutation: Your muscles are very strong. (Str +8,
                  | Int/Dex -2) [hidden potential]
  1449 | D:2      | Identified the +2 leather armour of Junwif {rC++ Int+5}
  1480 | D:2      | Found Hyryla's Armour Shop.
  1573 | D:2      | Found a faded altar of an unknown god.
  1863 | D:3      | Noticed Natasha
  1898 | D:3      | Killed Natasha
  1899 | D:3      | Reached XP level 6. HP: 44/44 MP: 11/11
  1906 | D:3      | Found a broken altar of Ashenzari.
  1981 | D:3      | Reached skill level 5 in Dodging
  1997 | D:3      | HP: 3/66 [gnoll/+0 halberd (6)]
  2000 | D:3      | Slain by a gnoll

Illustrated notes

Levels and vault maps discovered:
D:1:      minmay_arrival_open_corners, layout_loops_cross
D:2:      layout_basic, hellmonk_ecumenical_altar_inner_sanctum, serial_shops,
          nicolae_shop_statue_plus, kennysheep_boxes, uniq_sigmund
D:3:      layout_basic, ashenzari_conservatory_becter, okawaru_trees_2,
          uniq_natasha

Skill      XL: |  1  2  3  4  5  6 |
---------------+-------------------+-----
Invocations    | 1 2 |  2.1
Fighting       | 1 |  1.9
Short Blades   | 3 |  3.2
Long Blades    | 1 |  1.9
Axes           | 1 |  1.9
Maces & Flails | 1 |  1.9
Polearms       | 1 |  1.9
Staves         | 1 |  1.9
Ranged Weapons | 1 |  1.9
Throwing       | 1 |  1.9
Armour         | 1 |  1.9
Shields        | 1 |  1.9
Unarmed Combat | 1 |  1.9
Spellcasting   | 3 |  3.4
Conjurations   | 1 |  1.5
Hexes          | 1 |  1.5
Summonings     | 1 |  1.5
Necromancy     | 1 |  1.5
Translocations | 1 |  1.5
Transmutations | 1 |  1.5
Fire Magic     | 1 |  1.5
Air Magic      | 1 |  1.5
Earth Magic    | 1 |  1.5
Poison Magic   | 1 |  1.5
Evocations     | 3 |  3.2
Dodging        | 5 |  5.0
Stealth        | |  4.6
Ice Magic      | |  5.6

Action                     |  1- 3 |  4- 6 || total
---------------------------+-------+-------++-------
  Melee: Short sword       |    68 |       ||    68
         Bite              |    12 |    14 ||    26
         Dagger            |   114 |   125 ||   239
         Punch             |     1 |       ||     1
    Use: Potion            |     3 |     1 ||     4
   Stab: Sleeping          |     2 |       ||     2
 Armour: Robe              |    72 |       ||    72
         Skin              |    15 |    11 ||    26
         Leather armour    |       |    40 ||    40
  Dodge: Dodged            |    80 |    46 ||   126
  Block: Kite shield       |     9 |    37 ||    46

Table legend: (Time is in decaauts)
 A = Elapsed time spent in this place.
 B = Non-inter-level travel time spent in this place.
 C = Inter-level travel time spent in this place.
 D = Time resting spent in this place.
 E = Time spent auto-exploring this place.
 F = Levels seen in this place.
 G = Mean time per level.
                   A        B        C        D        E       F      G
               +--------+--------+--------+--------+--------+-----+--------+
         Total |   1992 |   1676 |    316 |    128 |    964 |   3 |  664.0 |
       Dungeon |   1992 |   1676 |    316 |    128 |    964 |   3 |  664.0 |
               +--------+--------+--------+--------+--------+-----+--------+

Top non-repeatable levels by time:
     D:2: 838 daAuts
     D:1: 815 daAuts
     D:3: 338 daAuts
